 Dungeon Crawl Stone Soup version 0.29-a0-371-g91724d5b39 (webtiles) character file.

Game seed: 12239420736869426810

4865 indyram44 the Blocker (level 10, -20/80 HPs)
             Began as a Formicid Fighter on May 2, 2022.
             Was a Priest of Okawaru.
             Demolished by an orc warrior
             ... wielding a +0 war axe
              (23 damage)
             ... in a bailey.
             The game lasted 00:45:33 (8726 turns).

indyram44 the Blocker (Formicid Fighter)            Turns: 8726, Time: 00:45:34

Health: -20/80     AC: 17    Str: 26    XL:     10   Next: 79%
Magic:  0/10       EV:  7    Int: 14    God:    Okawaru [***...]
Gold:   476        SH:  9    Dex:  7    Spells: 9/9 levels left

rFire   + . .      SeeInvis +   a - +8 hand axe of the Final Decision {vorpal, rElec rPois Int+7 Dex-3}
rCold   . . .      Faith    .   D - +0 kite shield
rNeg    . . .      Spirit   +   c - +0 plate armour
rPois   +          Reflect  .   (helmet unavailable)
rElec   +          Harm     .   P - +0 cloak
rCorr   .          Rampage  .   H - +0 pair of gloves
Will    +....                   n - +0 pair of boots
Stlth   ..........              C - amulet of guardian spirit
HPRegen 0.23/turn               O - ring of protection from fire
MPRegen 0.12/turn               (no ring)

@: no status effects
A: permanent stasis, dig shafts and tunnels, antennae 3, four strong arms
a: Dig, Renounce Religion, Heroism


You were in a bailey.
You worshipped Okawaru.
Okawaru was most pleased with you.
You visited 2 branches of the dungeon, and saw 9 of its levels.
You also visited: Sewer, Ossuary and Bailey.

You collected 476 gold pieces.

Inventory:

Hand Weapons
 a - the +8 hand axe of the Final Decision (weapon) {vorpal, rElec rPois Int+7 Dex-3}
   (You found it on level 3 of the Dungeon)

   It inflicts extra damage upon your enemies.
   Int:       It affects your intelligence (+7).
   Dex:       It affects your dexterity (-3).
   rElec:     It insulates you from electricity.
   rPois:     It protects you from poison.
 b - a +0 war axe
 v - a +0 hand crossbow
Missiles
 e - 28 boomerangs (quivered)
 r - 39 poisoned darts
 x - 2 curare-tipped darts
 y - 2 throwing nets
 E - a boomerang of dispersal
 M - 3 atropa-tipped darts
 S - 3 silver boomerangs
Armour
 c - a +0 plate armour (worn)
 n - a +0 pair of boots (worn)
 D - a +0 kite shield (worn)
 H - a +0 pair of gloves (worn)
 P - a +0 cloak (worn)
Jewellery
 C - an amulet of guardian spirit (around neck)
 O - a ring of protection from fire (left hand)
Wands
 F - a wand of acid (6)
 I - a wand of mindburst (6)
 J - a wand of digging (10)
 N - a wand of polymorph (6)
Scrolls
 f - 4 scrolls of fog {unknown}
 g - 9 scrolls of teleportation {unknown}
 i - 9 scrolls of identify {unknown}
 j - 3 scrolls of fear {unknown}
 l - 2 scrolls of silence {unknown}
 o - 3 scrolls of noise {unknown}
 q - a scroll of vulnerability {unknown}
 A - 4 scrolls of amnesia {unknown}
 B - 3 scrolls of blinking {unknown}
 G - a scroll of magic mapping {unknown}
 Q - a scroll of torment {unknown}
Potions
 d - 4 potions of might
 h - 4 potions of brilliance {unknown}
 k - 6 potions of attraction {unknown}
 m - 5 potions of curing
 p - a potion of mutation {unknown}
 s - 5 potions of heal wounds
 t - a potion of magic {unknown}
 u - a potion of degeneration {unknown}
 w - a potion of invisibility {unknown}
 z - 3 potions of haste {unknown}
 K - a potion of lignification {unknown}
 L - 7 potions of flight
 R - a potion of cancellation {unknown}


   Skills:
 * Level 8.2 Fighting
 * Level 7.0 Axes
 * Level 8.2 Armour
 + Level 4.1 Dodging
 + Level 6.0 Stealth
 * Level 9.0 Shields


You had 9 spell levels left.
You didn't know any spells.
Your spell library contained the following spells:

 Spells                   Type           Power      Damage    Failure   Level
 Sublimation of Blood     Necr           0%         N/A       100%        2
 Gell's Gravitas          Tloc           0%         N/A       100%        3
 Portal Projectile        Hex/Tloc       0%         N/A       100%        3
 Teleport Other           Tloc           0%         N/A       100%        3
 Leda's Liquefaction      Hex/Erth       0%         N/A       100%        4
 Petrify                  Tmut/Erth      0%         N/A       100%        4
 Irradiate                Conj/Tmut      0%         3d13      100%        5
 Dispersal                Tloc           0%         N/A       100%        6
 Call Canine Familiar     Summ           Unusable   N/A       N/A         3

Dungeon Overview and Level Annotations

Branches:
Dungeon (8/15)             Temple (1/1) D:6           Sewer (visited)
Ossuary (visited)          Bailey (1/1)
   Lair: D:8-11

Altars:
Ashenzari
Cheibriados
Dithmenos
Elyvilon
Fedhas
Hepliaklqana
Kikubaaqudgha
Makhleb
Nemelex Xobeh
Okawaru
Qazlal
Sif Muna
Trog
Uskayaw
Vehumet
Wu Jian
Xom
Zin
The Shining One

Shops:
D:4 =*


Innate Abilities, Weirdness & Mutations

You cannot be hasted, slowed, berserked, paralysed or teleported.
You can dig through walls and to a lower floor.
You have a pair of large antennae on your head. (SInv)
Your four strong arms can wield two-handed weapons with a shield.


Message History

The kobold hits you from afar with a +7 spear of venom.
You feel better.
The orc warrior hits you with a +0 war axe.
The orc knight barely misses you. You block the kobold's attack.
You hit the orc knight.
The orc knight is almost dead.
You hit the orc warrior but do no damage.
You block the orc warrior's attack.
The orc knight roars a battlecry!
The orc warriors go into a battle-frenzy!
The kobold hits you but does no damage.
You slash the orc knight!
You kill the orc knight!
Okawaru is honoured by your kill.
You barely miss the orc warrior. You block the kobold's attack.
Your Axes skill increases to level 7!
Your Stealth skill increases to level 6!
Your Shields skill increases to level 9!
The orc warrior hits you with a +0 war axe.
A goblin comes into view. It is wielding a +0 war axe.
The orc warrior attacks as you move away!
You block the orc warrior's attack.
The orc warrior hits you with a +0 war axe!
* * * LOW HITPOINT WARNING * * *
You block the kobold's attack.
The orc warrior attacks as you move away!
The orc warrior hits you with a +0 war axe.
* * * LOW HITPOINT WARNING * * *
The orc warrior attacks as you move away!
You block the orc warrior's attack.
The orc warrior attacks as you move away!
You block the orc warrior's attack.
The orc warrior attacks as you move away!
The orc warrior barely misses you.
The orc warrior hits you with a +0 war axe!
* * * LOW HITPOINT WARNING * * *
The kobold barely misses you.
The orc warrior attacks as you move away!
The orc warrior hits you with a +0 war axe!!
You die...

#.#############
..............####
#####..)........##
##{#K........##
#..#.oo.⌠.....#
{{#..###@......## ##..'
#.....### . ..
^g..###......###### .
###'####..#)....≈≈≈≈≈≈≈≈#
###...K{..####.≈≈†≈≈≈≈≈≈≈#
≈K#...oK.o#∩≈≈≈≈≈≈)....###
≈≈#########≈≈≈≈≈.).÷..##
≈≈≈≈≈≈≈≈≈≈≈≈≈≈.......##
#≈≈≈≈≈≈≈≈≈....÷...###


You could see 2 orc warriors and a kobold.

Vanquished Creatures
  Pikel (D:8)
  2 orc knights (Bailey)
  Maurice (D:8)
  Sigmund (D:5)
  Menkaure (Ossuary)
  A water moccasin (D:5)
  2 black bears (D:7)
  2 sky beasts
  5 orc warriors
  An ogre (D:6)
  2 phantoms
  2 elf zombies (Ossuary)
  2 kobold brigands (Sewer)
  A gnoll sergeant (D:7)
  4 bullfrogs (D:7)
  A necrophage (D:5)
  A scorpion (D:6)
  A wight (D:6)
  5 centaur zombies (Ossuary)
  3 hounds
  2 jellies (D:4)
  2 orc priests (D:7)
  3 iguanas
  An orc wizard (D:6)
  Terence (D:3)
  6 mummies (Ossuary)
  Robin (D:2)
  10 gnolls
  9 adders
  A shadow imp (D:5)
  3 white imps
  An ufetubus (D:6)
  5 adder zombies (Ossuary)
  3 worms
  3 dart slugs
  26 orcs
  5 endoplasms
  3 giant cockroaches
  17 goblins
  12 hobgoblins
  8 ball pythons
  9 bats
  A frilled lizard (D:2)
  2 goblin zombies (Ossuary)
  4 hobgoblin zombies (Ossuary)
  27 kobolds
  3 kobold zombies (Ossuary)
  An orc zombie (Ossuary)
  4 quokka zombies (Ossuary)
  4 rats
  6 rat zombies
222 creatures vanquished.

Vanquished Creatures (others)
  2 fungi (Sewer)
  5 plants (Sewer)
7 creatures vanquished.

Grand Total: 229 creatures vanquished

Notes
Turn   | Place    | Note
-------+----------+-------------------------------------------
     0 | D:1      | indyram44 the Formicid Fighter began the quest for the Orb.
     0 | D:1      | Reached XP level 1. HP: 18/18 MP: 1/1
   464 | D:1      | Reached XP level 2. HP: 24/24 MP: 2/2
   731 | D:1      | Found a faded altar of an unknown god.
  1248 | D:2      | Reached XP level 3. HP: 28/29 MP: 3/3
  1248 | D:2      | Noticed Robin
  1263 | D:2      | Killed Robin
  1264 | D:2      | Reached skill level 1 in Stealth
  1264 | D:2      | Reached skill level 4 in Shields
  1567 | D:2      | Reached XP level 4. HP: 29/36 MP: 4/4
  2628 | D:3      | Reached XP level 5. HP: 42/42 MP: 5/5
  2746 | D:3      | Identified the +8 hand axe of the Final Decision {vorpal,
                  | rElec rPois Int+7 Dex-3}
  3119 | D:3      | Found a stormy altar of Qazlal.
  3119 | D:3      | Noticed Terence
  3129 | D:3      | Killed Terence
  3392 | D:4      | Reached skill level 1 in Dodging
  3445 | D:4      | Reached XP level 6. HP: 48/48 MP: 6/6
  3496 | D:4      | Found a glowing drain.
  3505 | Sewer    | Entered a sewer
  3677 | Sewer    | Reached skill level 5 in Shields
  3677 | Sewer    | Reached XP level 7. HP: 33/55 MP: 7/7
  3977 | D:4      | Found Itih's Jewellery Emporium.
  4195 | D:4      | Found Orianas's Assorted Antiques.
  4267 | D:5      | Entered Level 5 of the Dungeon
  4307 | D:5      | Noticed a water moccasin
  4312 | D:5      | Killed a water moccasin
  4418 | D:5      | You fall into a shaft and drop 2 floors!
  4432 | D:7      | Reached skill level 5 in Armour
  4437 | D:7      | Reached skill level 5 in Fighting
  4456 | D:7      | Reached XP level 8. HP: 54/62 MP: 8/8
  4513 | D:7      | Reached skill level 6 in Shields
  5371 | D:5      | Noticed Sigmund
  5374 | D:5      | Killed Sigmund
  5375 | D:5      | Reached skill level 5 in Axes
  5375 | D:5      | Reached XP level 9. HP: 69/69 MP: 9/9
  5488 | D:5      | Found an iron altar of Okawaru.
  5497 | D:5      | Became a worshipper of Warmaster Okawaru
  5914 | D:6      | Found a staircase to the Ecumenical Temple.
  5924 | Temple   | Entered the Ecumenical Temple
  6049 | D:6      | Found a radiant altar of Vehumet.
  6051 | D:6      | Found a snail-covered altar of Cheibriados.
  6067 | D:6      | Found a hazy altar of Hepliaklqana.
  6071 | D:6      | Found a burning altar of Makhleb.
  6293 | D:6      | Reached skill level 7 in Shields
  6363 | D:6      | Reached * piety under Okawaru
  7496 | D:7      | Found a blossoming altar of Fedhas.
  7564 | D:8      | Noticed Maurice
  7573 | D:8      | Killed Maurice
  7574 | D:8      | Reached skill level 5 in Stealth
  7616 | D:8      | Noticed Pikel
  7634 | D:8      | Killed Pikel
  7634 | D:8      | Reached ** piety under Okawaru
  7635 | D:8      | Reached skill level 8 in Shields
  7635 | D:8      | Reached XP level 10. HP: 76/79 MP: 7/10
  7734 | D:8      | Found a sand-covered staircase.
  7747 | Ossuary  | Entered an ossuary
  8090 | Ossuary  | Noticed Menkaure
  8100 | Ossuary  | Killed Menkaure
  8205 | D:8      | Found a flagged portal.
  8247 | Bailey   | Entered a bailey
  8424 | Bailey   | Noticed an orc knight
  8429 | Bailey   | Noticed an orc knight
  8482 | Bailey   | Killed an orc knight
  8482 | Bailey   | Reached *** piety under Okawaru
  8720 | Bailey   | Killed an orc knight
  8721 | Bailey   | Reached skill level 9 in Shields
  8725 | Bailey   | HP: 3/80 [orc warrior/+0 war axe (11)]
  8726 | Bailey   | Demolished by an orc warrior

Illustrated notes

Levels and vault maps discovered:
D:1:      matt_arrival_spirals, layout_loops_ring,
          hellmonk_ecumenical_altar_blasted
D:2:      layout_basic, uniq_robin
D:3:      layout_loops_ring, nicolae_qazlal_eye_of_the_storm,
          kennysheep_generic_room_13, uniq_terence
D:4:      layout_cave_pools, serial_shops, nicolae_diamond_shop,
          nicolae_lakefront_shop, portal_sewer_entry_d
D:5:      layout_loops_ring, okawaru_altar_gauntlet_db, uniq_sigmund
D:6:      minmay_clustersquares, layout_gridville,
          nicolae_overflow_hidden_temple, minmay_temple_entry_drinking_statues,
          supply_closet_lemuel
D:7:      layout_basic, kennysheep_mini
D:8:      layout_loops_ring, enter_ossuary_4, enter_bailey_5,
          kennysheep_cross_bottleneck, uniq_maurice, uniq_pikel
Temple:   nicolae_temple_no_exploring_needed
Bailey:   bailey_axe_4, bailey

Skill      XL: |  1  2  3  4  5  6  7  8  9 10 |
---------------+-------------------------------+-----
Stealth        | 1 2 3 5 6 |  6.0
Shields        | 4 5 6 8 9 |  9.0
Armour         | 4 5 6 7 8 |  8.2
Fighting       | 4 5 6 7 8 |  8.2
Axes           | 3 4 5 6 7 |  7.0
Dodging        | 1 2 3 4 |  4.1

Action                   |  1- 3 |  4- 6 |  7- 9 | 10-12 || total
-------------------------+-------+-------+-------+-------++-------
Melee: War axe           |    78 |    85 |       |       ||   163
       Hand axe          |       |    57 |   254 |   176 ||   487
Throw: Boomerang         |       |     3 |       |    31 ||    34
       Dart              |       |     2 |    10 |       ||    12
Invok: Heroism           |       |       |     1 |       ||     1
 Abil: Dig               |       |     3 |     1 |       ||     4
Evoke: Wand              |       |       |     1 |     8 ||     9
  Use: Potion            |       |       |       |     3 ||     3
Armor: Scale mail        |    42 |    15 |       |       ||    57
       Chain mail        |       |    64 |    30 |       ||    94
       Plate armour      |       |       |    88 |    61 ||   149
Dodge: Dodged            |    42 |    57 |    52 |    46 ||   197
Block: Buckler           |    13 |    32 |    20 |       ||    65
       Kite shield       |       |       |    81 |    87 ||   168

Table legend: (Time is in decaauts)
 A = Elapsed time spent in this place.
 B = Non-inter-level travel time spent in this place.
 C = Inter-level travel time spent in this place.
 D = Time resting spent in this place.
 E = Time spent auto-exploring this place.
 F = Levels seen in this place.
 G = Mean time per level.
                   A        B        C        D        E       F      G
               +--------+--------+--------+--------+--------+-----+--------+
         Total |   8903 |   8553 |    350 |   2374 |   2153 |  12 |  741.9 |
       Dungeon |   7600 |   7250 |    350 |   2004 |   2153 |   8 |  950.0 |
        Temple |      1 |      1 |      0 |      0 |      0 |   1 |    1.0 |
         Sewer |    390 |    390 |      0 |     90 |      0 |   1 |  390.0 |
       Ossuary |    412 |    412 |      0 |      0 |      0 |   1 |  412.0 |
        Bailey |    498 |    498 |      0 |    280 |      0 |   1 |  498.0 |
               +--------+--------+--------+--------+--------+-----+--------+

Top non-repeatable levels by time:
     D:7: 1478 daAuts
     D:2: 1423 daAuts
     D:1: 1224 daAuts
     D:6: 1001 daAuts
     D:5: 840 daAuts
     D:3: 791 daAuts
     D:4: 552 daAuts
  Bailey: 498 daAuts
 Ossuary: 412 daAuts
   Sewer: 390 daAuts
     D:8: 288 daAuts
  Temple: 1 daAuts
